 Dungeon Crawl Stone Soup version 0.19.4 (webtiles) character file.

99 vatarom the Insei (level 4, -1/28 HPs)
             Began as an Octopode Transmuter on Feb 3, 2017.
             Slain by a howler monkey (7 damage)
             ... on level 3 of the Dungeon.
             The game lasted 00:03:53 (1636 turns).

vatarom the Insei (Octopode Transmuter)             Turns: 1636, Time: 00:03:54

Health: -1/28      AC:  3    Str: 11    XL:     4   Next: 72%
Magic:  2/7        EV: 13    Int: 15    God:
Gold:   79         SH:  0    Dex: 13    Spells: 3 memorised, 2 levels left

rFire  . . .     SeeInvis .       - Unarmed
rCold  + . .     Gourm    .     (no shield)
rNeg   . . .     Faith    .     d - +2 hat {MR+}
rPois  .         Spirit   .     (no amulet)
rElec  .         Reflect  .     f - ring of protection from cold
rCorr  .         Harm     .     i - ring of flight
MR     +....     Rnd*Rage +     (no ring)
Stlth  ++........               (no ring)
                                (no ring)
                                (no ring)
                                (no ring)
                                (no ring)

@: very slightly contaminated
A: almost no armour, stealthy swim, amphibious, 8 rings, constrict 8, tentacle
spike 1, camouflage 1, berserk 1, strong 1, gelatinous body 1
a: Evoke Flight


You were on level 3 of the Dungeon.
You were not hungry.

You visited 1 branch of the dungeon, and saw 3 of its levels.

You collected 79 gold pieces.

Inventory:

Missiles
 a - 41 arrows
Armour
 d - a +2 hat of magic resistance (worn)
Jewellery
 e - an uncursed amulet of faith
 f - a ring of protection from cold (left tentacle)
 i - a ring of flight (right tentacle)
Scrolls
 g - 2 scrolls of recharging
 h - 2 scrolls of enchant weapon
Books
 b - a book of Changes

   Spells                             Type                      Level
   a - Beastly Appendage              Transmutation                1
   b - Sticks to Snakes               Transmutation                2
   c - Spider Form                    Transmutation/Poison         3
   d - Ice Form                       Ice/Transmutation            4
   e - Blade Hands                    Transmutation                5
Comestibles
 c - 3 bread rations
 j - a chunk of flesh
 k - 3 meat rations


   Skills:
 - Level 1.0 Fighting
 - Level 2.0 Dodging
 * Level 4.4 Unarmed Combat
 + Level 2.5 Spellcasting
 + Level 2.8 Transmutations


You had 2 spell levels left.
You knew the following spells:

 Your Spells              Type           Power        Failure   Level  Hunger
a - Beastly Appendage     Tmut           ##....       8%          1    #......
b - Sticks to Snakes      Tmut           ##......     12%         2    ###....
c - Spider Form           Tmut/Pois      #.........   34%         3    ###....


Dungeon Overview and Level Annotations

Branches:
Dungeon (3/15)

Altars:


Innate Abilities, Weirdness & Mutations

You cannot wear most types of armour.
You are very stealthy in the water. (Stealth+)
You are amphibious.
You can wear up to eight rings at the same time.
You can use your tentacles to constrict eight enemies at once.
Your skin changes colour to match your surroundings (Stealth+).
Your rubbery body absorbs attacks. (AC +1, EV +1)
One of your tentacles bears a spike.
You tend to lose your temper in combat.
Your muscles are strong. (Str +2)


Message History

You tentacle-slap the orc wizard but do no damage.
You squeeze the orc wizard.
The orc wizard is severely wounded.
You constrict the orc wizard.
The orc wizard gestures at you while chanting.
The puff of flame hits you!
You tentacle-slap the orc wizard.
The orc wizard is almost dead.
You constrict the orc wizard.
The orc wizard gestures at you while chanting.
The puff of flame misses you. The orc wizard hits you with a dagger.
* * * LOW HITPOINT WARNING * * *
You tentacle-slap the orc wizard.
You kill the orc wizard!
You aren't carrying any potions.
You tentacle-slap the howler monkey. Your grab misses the howler monkey.
Your tentacle-slap misses the howler monkey.
The howler monkey is moderately wounded.
The howler monkey hits you!
You die...

.........(.......#.#
.......##.......##.#
...................#.#
.........#.g.>.....#.#
...........#.....#.#.#
........#.).r#####.#.#
..........##.g## #...#
.......#..###or####).########
........#.# ##sh@............
.>......†(#########..#.......
............## ##.........
..<....(.....######....#####
........).÷......##.....##
........##...............##
.....#.......(..(.........####
.....###.....................#
.........#...................#


You could see a howler monkey, an orc, 2 quokkas, a giant cockroach and a
hobgoblin.

Vanquished Creatures
  An orc wizard (D:3)
  3 adders
  A dart slug (D:2)
  A leopard gecko (D:2)
  7 bats
  2 giant cockroaches
  9 goblins
  3 hobgoblins
  A ball python (D:3)
  A frilled lizard (D:2)
  4 kobolds
  5 rats
38 creatures vanquished.

Vanquished Creatures (collateral kills)
  An adder (D:2)
1 creature vanquished.

Grand Total: 39 creatures vanquished

Notes
Turn   | Place    | Note
-------+----------+-------------------------------------------
     0 | D:1      | vatarom the Octopode Transmuter began the quest for the Orb.
     0 | D:1      | Reached XP level 1. HP: 13/13 MP: 3/3
   360 | D:1      | Reached XP level 2. HP: 18/18 MP: 3/5
   366 | D:1      | Learned a level 2 spell: Sticks to Snakes
   738 | D:2      | Gained mutation: Your muscles are strong. (Str +2) [potion of mutation]
   738 | D:2      | Gained mutation: One of your tentacles bears a spike. [potion of mutation]
   738 | D:2      | Gained mutation: You tend to lose your temper in combat. [potion of mutation]
   805 | D:2      | Reached XP level 3. HP: 23/23 MP: 6/6
   810 | D:2      | Learned a level 3 spell: Spider Form
  1435 | D:3      | Reached skill level 4 in Unarmed Combat
  1446 | D:3      | Reached XP level 4. HP: 28/28 MP: 7/7
  1636 | D:3      | Slain by a howler monkey

Skill      XL: |  1  2  3 |
---------------+----------+-----
Unarmed Combat | 4 |  4.4
Fighting       | |  1.0
Dodging        | |  2.0
Spellcasting   | |  2.5
Transmutations | |  2.8

Action                   |  1- 3 |  4- 6 || total
-------------------------+-------+-------++-------
Melee: Unarmed           |    62 |    17 ||    79
       Tentacles         |     9 |     1 ||    10
       Constrict         |     8 |     3 ||    11
       Kick              |     8 |       ||     8
       Punch             |     4 |     1 ||     5
 Cast: Beastly Appendage |     2 |       ||     2
       Sticks to Snakes  |     2 |     1 ||     3
       Spider Form       |       |     1 ||     1
  Use: Scroll            |     5 |       ||     5
       Potion            |     6 |       ||     6
 Stab: Sleeping          |     8 |       ||     8
       Invisible         |     3 |       ||     3
  Eat: Meat ration       |     1 |       ||     1
       Chunk             |     1 |       ||     1
Armor: Skin              |     2 |     3 ||     5
Dodge: Dodged            |    35 |    19 ||    54
